 Dungeon Sprint DCSS version 0.16-a0-331-g39fd2ee (webtiles) character file.

746 PolkaDot the Cruncher (level 7, -4/57 HPs)
             Began as a Vampire Gladiator on Sept 6, 2014.
             Was a Priest of Jiyva.
             Killed by divine providence
             ... invoked by a smoke demon
             ... summoned by a kobold demonologist
              (12 damage)
             ... in the Dungeon (Sprint I: "Red Sonja").
             The game lasted 00:03:38 (604 turns).

PolkaDot the Cruncher (Vampire Gladiator)            Turns: 604, Time: 00:03:38

HP  -4/57        AC  4     Str 14      XL: 7   Next: 48%
MP   7/7         EV 16     Int 10      God: Jiyva [***...]
Gold 297         SH  0     Dex 16      Spells:  0 memorised,  6 levels left

rFire  . . .     SeeInvis +     a - +0 quarterstaff
rCold  . . .     Clarity  .     b - +0 leather armour
rNeg   . . .     rCorr    +     (no shield)
rPois  .         rRot     .     c - +0 helmet
rElec  .         Spirit   .     (no cloak)
SustAb .         Warding  .     (no gloves)
rMut   .         NoTele   +     (no boots)
Gourm  .                        (no amulet)
MR     .....                    (no ring)
                                (no ring)

@: regenerating quickly, hasted, very quick, not resistant to hostile
enchantments, very unstealthy
A: bottle blood, fangs 3, see invisible, unbreathing
a: Bottle Blood, Request Jelly, Jelly Paralyse, Renounce Religion


You were in the Dungeon.
You worshipped Jiyva.
Jiyva was most pleased with you.
You were full.

You visited 1 branch You collected 297 gold pieces.

Inventory:

Hand weapons
 a - a +0 quarterstaff (weapon)
Armour
 b - a +0 leather armour (worn)
 c - a +0 helmet (worn)
Scrolls
 d - a scroll of identify {unknown}
 k - a scroll of blinking
Potions
 i - 2 potions of magic


   Skills:
 + Level 5.9 Fighting
 * Level 11.8 Staves
 - Level 1.5 Throwing
 + Level 7.6 Dodging


You had 6 spell levels left.
You didn't know any spells.

Dungeon Overview and Level Annotations

Branches:
Dungeon (1/1)

Altars:
Cheibriados
Dithmenos
Elyvilon
Fedhas
Gozag
Kikubaaqudgha
Makhleb
Nemelex Xobeh
Okawaru
Qazlal
Sif Muna
Trog
Vehumet
Xom
Yredelemnul
Zin
The Shining One
Jiyva

Shops:
D !


Innate Abilities, Weirdness & Mutations

Your natural rate of healing is unusually fast.
You can bottle blood from corpses.
You have razor-sharp teeth.
You have supernaturally acute eyesight.
You can survive without breathing.


Message History

The crimson imp barely misses you.
The kobold demonologist hits you with a dagger.
* * * LOW HITPOINT WARNING * * *
You barely miss the kobold demonologist.
You bite the kobold demonologist.
The kobold demonologist is moderately wounded.
The kobold demonologist hits you with a dagger.
* * * LOW HITPOINT WARNING * * *
The crimson imp hits you but does no damage.
You thump the kobold demonologist!
The kobold demonologist is heavily wounded.
The smoke demon gestures at you. Something smites you!
* * * LOW HITPOINT WARNING * * *
The kobold demonologist looks braver.
Drink which item? (? for menu, Esc to quit)
You feel yourself speed up. The crimson imp misses you.
The smoke demon gestures at you. Something smites you!
You die...

######################
..+..#.J...#__#..K.3.#
..#.....#...^..5@#).§#
####.#####'#__####5§.+
###..#...#.#### ####
__####..##.#
_..._##'#..+
_.∩...'..._#
_..._##_.#+#
_____###+# ######


You could see a kobold demonologist, a smoke demon and a crimson imp.

Vanquished Creatures
  A kobold demonologist (D)
  A slime creature (D)
  A yak (D)
  An ogre (D)
  Sigmund (D)
  A jelly (D)
  Ijyb (D)
7 creatures vanquished.

Vanquished Creatures (others)
  A jelly (D)
  A quasit (D)
  A giant eyeball (D)
3 creatures vanquished.

Grand Total: 10 creatures vanquished

Notes
Turn   | Place    | Note
--------------------------------------------------------------
     0 | D        | PolkaDot, the Vampire Gladiator, began the quest for the Orb.
     0 | D        | Reached XP level 1. HP: 16/16 MP: 1/1
     2 | D        | Noticed Ijyb
    10 | D        | Killed Ijyb
    10 | D        | Reached skill level 4 in Staves
    10 | D        | Reached XP level 2. HP: 13/22 MP: 2/2
   115 | D        | Noticed an ogre
   124 | D        | Killed an ogre
   124 | D        | Reached skill level 8 in Staves
   124 | D        | Reached XP level 3. HP: 25/27 MP: 3/3
   124 | D        | Reached XP level 4. HP: 30/33 MP: 4/4
   141 | D        | Noticed Sigmund
   154 | D        | Killed Sigmund
   154 | D        | Reached skill level 9 in Staves
   154 | D        | Reached XP level 5. HP: 25/38 MP: 5/5
   213 | D        | Found a snail-covered altar of Cheibriados.
   213 | D        | Found a viscous altar of Jiyva.
   213 | D        | Found a shadowy altar of Dithmenos.
   213 | D        | Found a blossoming altar of Fedhas.
   213 | D        | Noticed a slime creature
   236 | D        | Killed a slime creature
   236 | D        | Reached skill level 10 in Staves
   236 | D        | Reached skill level 5 in Dodging
   236 | D        | Reached XP level 6. HP: 27/48 MP: 6/6
   237 | D        | Found a deep blue altar of Sif Muna.
   238 | D        | Noticed a jelly
   239 | D        | Found a radiant altar of Vehumet.
   245 | D        | Killed a jelly
   393 | D        | Found Ewupufito's Distillery.
   393 | D        | Found a white marble altar of Elyvilon.
   393 | D        | Found a stormy altar of Qazlal.
   393 | D        | Found a burning altar of Makhleb.
   393 | D        | Found a basalt altar of Yredelemnul.
   393 | D        | Found a glowing golden altar of the Shining One.
   393 | D        | Found a sparkling altar of Nemelex Xobeh.
   393 | D        | Found a shimmering altar of Xom.
   393 | D        | Found an opulent altar of Gozag.
   393 | D        | Found an ancient bone altar of Kikubaaqudgha.
   393 | D        | Found a glowing silver altar of Zin.
   393 | D        | Noticed a yak
   404 | D        | Killed a yak
   404 | D        | Reached skill level 5 in Fighting
   404 | D        | Reached skill level 11 in Staves
   505 | D        | Found an iron altar of Okawaru.
   506 | D        | Found a bloodstained altar of Trog.
   522 | D        | Became a worshipper of Jiyva Janageto the Shapeless
   543 | D        | Acquired Jiyva's first power
   550 | D        | Acquired Jiyva's second power
   586 | D        | Noticed a kobold demonologist
   587 | D        | Noticed a kobold demonologist
   588 | D        | Noticed a smoke demon
   595 | D        | Noticed a sun demon
   598 | D        | Killed a kobold demonologist
   598 | D        | Reached XP level 7. HP: 27/57 MP: 7/7
   604 | D        | Killed from afar by a smoke demon

Action                   |  1- 3 |  4- 6 |  7- 9 || total
-------------------------+-------+-------+-------++-------
Melee: Quarterstaff      |    16 |    55 |     2 ||    73
Throw: Throwing net      |     1 |     2 |       ||     3
  Use: Potion            |     1 |     3 |     1 ||     5
 Stab: Held in net/web   |       |     6 |       ||     6
  Eat: Corpse            |       |     1 |       ||     1
